 Dungeon Crawl Stone Soup version 0.30.1-3-gfc49f6343a (webtiles) character file.

Game seed: 10309646499224635322

996 Anriel the Covered (level 8, -5/55 (62) HPs)
             Began as a Human Fighter on July 17, 2023.
             Was an Initiate of Gozag.
             Slain by a wight
             ... wielding a +5 halberd
              (9 damage)
             ... on level 5 of the Dungeon on July 18, 2023.
             The game lasted 00:24:43 (4947 turns).

Anriel the Covered (Human Fighter)                  Turns: 4947, Time: 00:24:43

HP:   -5/55 (62)    AC: 11    Str: 18    XL:     8   Next: 42%
MP:   8/8           EV:  7    Int:  8    God:    Gozag
Gold: 124           SH:  5    Dex: 14    Spells: 7/7 levels left

rFire   . . .        m - +2 flail (drain)
rCold   + . .        c - +0 buckler
rNeg    . . .        g - +0 chain mail
rPois   .            p - +0 hat
rElec   .            (no cloak)
rCorr   .            (no gloves)
SInv    .            j - +0 pair of boots
Will    +....        (no amulet) Stlth
                     h - ring of willpower
HPRegen 0.29/turn    r - ring of protection from cold
MPRegen 0.11/turn

%: no passive effects
@: heavily drained
A: no striking features
a: Renounce Religion, Potion Petition, Call Merchant, Bribe Branch


You were on level 5 of the Dungeon.
You worshipped Gozag.
Gozag was aware of your devotion.
You visited 2 branches of the dungeon, and saw 7 of its levels.

You collected 339 gold pieces.
You spent 138 gold pieces at shops.
You paid 77 gold pieces to Gozag.

Inventory:

Hand Weapons
 m - a +2 flail of draining (weapon)
Missiles
 d - a throwing net
 k - 32 stones (quivered)
Armour
 c - a +0 buckler (worn)
 g - a +0 chain mail (worn)
 j - a +0 pair of boots (worn)
 p - a +0 hat (worn)
Jewellery
 h - a ring of willpower (left hand)
 r - a ring of protection from cold (right hand)
Scrolls
 b - 3 scrolls of teleportation
 e - a scroll of enchant weapon
 l - 2 scrolls of enchant armour
 n - 2 scrolls of identify
Potions
 a - a potion of resistance
 f - 2 potions of brilliance
 s - a potion of haste


   Skills:
 - Level 5.0 Fighting
 - Level 5.1 Maces & Flails
 + Level 3.5 Throwing
 * Level 5.2 Armour
 * Level 4.6 Shields


You had 7 spell levels left.
You didn't know any spells.
Your spell library contained the following spells:

 Spells                   Type           Power      Damage    Failure   Level
 Slow                     Hex            0%         N/A       99%         1
 Confusing Touch          Hex            0%         N/A       100%        3
 Frozen Ramparts          Ice            0%         1d1       100%        3
 Gell's Gravitas          Tloc           0%         N/A       100%        3
 Stone Arrow              Conj/Erth      0%         3d7       100%        3
 Teleport Other           Tloc           0%         N/A       100%        3
 Vampiric Draining        Necr           0%         2d6       100%        3
 Animate Armour           Summ/Erth      0%         N/A       100%        4
 Ice Form                 Ice/Tmut       0%         N/A       100%        4
 Summon Ice Beast         Ice/Summ       0%         N/A       100%        4
 Dispersal                Tloc           0%         N/A       100%        6
 Haunt                    Necr/Summ      0%         N/A       100%        7
 Infestation              Necr           0%         N/A       100%        8
 Lehudib's Crystal Spear  Conj/Erth      0%         10d2      100%        8
 Animate Dead             Necr           Unusable   N/A       N/A         4

Dungeon Overview and Level Annotations

Branches:
Dungeon (6/15)             Temple (1/1) D:5

Altars:
Ashenzari
Cheibriados
Fedhas
Gozag
Kikubaaqudgha
Nemelex Xobeh
Qazlal
Uskayaw
Vehumet
Wu Jian
Zin
The Shining One

Shops:
D:3 ?


Message History

Moving in this stuff is going to be slow.
There is a stone staircase leading down here.
You climb downwards.
Found a ring mail.
There is a stone staircase leading up here.
There are monsters nearby!
The wight hits you with a +5 halberd.
The wight hits you with a +0 dire flail!
You climb upwards.
There is a stone staircase leading down here.
You hit the wight but do no damage. You block the wight's attack.
The wight barely misses you.
You closely miss the wight. You block the wight's attack.
The wight hits you with a +0 dire flail!
You feel drained.
You hit the wight.
The wight is lightly damaged.
The wight hits you with a +5 halberd.
You feel drained.
The wight hits you with a +0 dire flail.
You closely miss the wight.
The wight is lightly damaged.
You block the wight's attack.
The wight hits you with a +0 dire flail!
You thump the wight!
The wight is almost destroyed.
The wight hits you with a +5 halberd!
You feel drained.
* * * LOW HITPOINT WARNING * * *
The wight hits you but does no damage. You block the wight's attack.
The wight hits you with a +0 dire flail!
* * * LOW HITPOINT WARNING * * *
You feel drained.
* * * LOW HITPOINT WARNING * * *
Okay, then.
Okay, then.
You aren't carrying any items that you can evoke.
Okay, then.
Okay, then.
The wight attacks as you move away! The wight hits you with a +5 halberd!
You die...
Your body crumbles into a pile of gold.

#.# #~~~~~.........###.....##
#.## ##...~..~........#......####
...###..~~~..~...........####...#
.#......~~~.~~..........## #....
..#......~~.............# #....
≈........~~.............## #...#
.......~.~~~~............####....
.≈...#...~.....z.z.......>.......
≈≈..##.~~~...~..@................
...###...≈≈..##..................
≈≈.# ##..≈≈.###..................
.≈.# ###≈≈## #..................
...# #≈≈# ##.................
≈..# ##≈≈≈ #.................
...## #####≈# #.................
....####...### #######...........
#.......#### ######......


You could see 2 wights.

Vanquished Creatures
  An ogre (D:5)
  The ghost of u553311 the Insei, an amateur DsGl (D:3)
  A phantom (D:4)
  A gnoll sergeant (D:4)
  A howler monkey (D:5)
  A vampire bat (D:3)
  4 hounds
  A sleepcap (D:5)
  Terence (D:3)
  2 iguanas (D:4)
  19 gnolls
  2 adders
  An ufetubus (D:5)
  A worm (D:4)
  4 dart slugs
  3 fire bats (D:3)
  2 orcs (D:5)
  2 spectral bats (D:3)
  14 bats
  3 bat skeletons (D:3)
  A bat zombie (D:3)
  8 endoplasms
  5 giant cockroaches
  7 hobgoblins
  3 jackals (D:1)
  A quokka (D:1)
  8 ball pythons
  A bat simulacrum (D:3)
  6 frilled lizards
  4 goblins
  9 kobolds
  6 rats
124 creatures vanquished.

Notes
Turn   | Place    | Note
-------+----------+-------------------------------------------
     0 | D:1      | Anriel the Human Fighter began the quest for the Orb.
     0 | D:1      | Reached XP level 1. HP: 18/18 MP: 1/1
     0 | D:1      | Noticed a dwarf
     3 | D:1      | Noticed a minotaur
     5 | D:1      | Noticed a demonspawn
     7 | D:1      | Noticed a gargoyle
     8 | D:1      | Noticed a spriggan
    10 | D:1      | Noticed a barachi
    10 | D:1      | Noticed a human
    12 | D:1      | Noticed a tengu
    12 | D:1      | Noticed an ogre
    13 | D:1      | Noticed a barachi
    16 | D:1      | Noticed a demigod
    16 | D:1      | Noticed an octopode
    18 | D:1      | Noticed a barachi
    18 | D:1      | Noticed a spriggan
    67 | D:1      | Reached XP level 2. HP: 22/24 MP: 2/2
   274 | D:1      | Reached XP level 3. HP: 27/29 MP: 3/3
   765 | D:2      | Reached XP level 4. HP: 26/37 MP: 4/4
  1157 | D:2      | Reached skill level 1 in Throwing
  1572 | D:3      | Noticed Terence
  1584 | D:3      | Killed Terence
  1585 | D:3      | Reached XP level 5. HP: 28/42 MP: 5/5
  1590 | D:3      | Found Tutur's Magic Scroll Shoppe.
  1628 | D:3      | Bought a scroll of identify for 24 gold pieces
  1628 | D:3      | Bought a scroll of identify for 24 gold pieces
  1664 | D:3      | Found a glowing silver altar of Zin.
  1664 | D:3      | Noticed an angel
  1737 | D:3      | Found a runed translucent gate.
  1737 | D:3      | Found a runed translucent gate.
  1738 | D:3      | Found a runed translucent gate.
  1740 | D:3      | Noticed u553311's ghost (amateur DsGl)
  1943 | D:3      | Reached XP level 6. HP: 49/49 MP: 6/6
  1982 | D:3      | Reached skill level 5 in Fighting
  2368 | D:3      | Killed u553311's ghost
  2369 | D:3      | Reached XP level 7. HP: 18/56 MP: 7/7
  2404 | D:3      | Bought a scroll of enchant armour for 90 gold pieces
  2643 | D:4      | Reached skill level 5 in Maces & Flails
  3445 | D:4      | Reached XP level 8. HP: 56/62 MP: 8/8
  3544 | D:4      | Found a stormy altar of Qazlal.
  3883 | D:5      | Entered Level 5 of the Dungeon
  3910 | D:5      | Found a radiant altar of Vehumet.
  4070 | D:5      | Found a hide-covered altar of Uskayaw.
  4168 | D:5      | Found a staircase to the Ecumenical Temple.
  4175 | Temple   | Entered the Ecumenical Temple
  4304 | Temple   | Became a worshipper of Gozag Ym Sagoz the Greedy
  4305 | Temple   | Upgraded the game from 0.30.1-1-g62c8e00024 to
                  | 0.30.1-3-gfc49f6343a
  4380 | D:5      | Reached skill level 5 in Armour
  4713 | D:5      | Found a snail-covered altar of Cheibriados.
  4947 | D:5      | Slain by a wight

Illustrated notes

Levels and vault maps discovered:
D:1:      shiori_arrival_whats_in_store_for_you, layout_loops_ring
D:2:      layout_basic
D:3:      layout_basic, zin_angel, serial_shops, shop,
          ebering_ghost_rock_garden, corexii_shack, minmay_misc_feat_nine_boxes,
          kennysheep_cross_room, goddamned_bats, uniq_terence
D:4:      layout_basic, mainiacjoe_overflow_alcove_4, grunt_ministairs_2,
          lightli_minifort
D:5:      layout_layer_cave, lemuel_tele_altar,
          nicolae_uskayaw_murder_on_the_dancefloor,
          mainiacjoe_overflow_small_starburst, minmay_temple_entry_glass,
          chequers_serial_rivers_small_3
D:6:      layout_loops_cross
Temple:   nicolae_temple_superstar

Skill      XL: |  1  2  3  4  5  6  7  8 |
---------------+-------------------------+-----
Maces & Flails | 3 4 5 |  5.1
Fighting       | 4 5 |  5.0
Throwing       | 1 2 3 |  3.5
Armour         | 4 5 |  5.2
Shields        | 4 |  4.6

Action                     |  1- 3 |  4- 6 |  7- 9 || total
---------------------------+-------+-------+-------++-------
  Melee: Flail             |    96 |   150 |   140 ||   386
  Throw: Stone             |    15 |       |     8 ||    23
    Use: Scroll            |     3 |     3 |     6 ||    12
         Potion            |       |     2 |     2 ||     4
 Armour: Scale mail        |    51 |     5 |       ||    56
         Chain mail        |       |   130 |    77 ||   207
  Dodge: Dodged            |    45 |    89 |    60 ||   194
  Block: Buckler           |    25 |    36 |    35 ||    96
